 Dungeon Crawl Stone Soup version 0.27.1-34-g3ba077fa99 (webtiles) character file.

Game seed: 17140551587659227256

165407 Sharkman1231 the Eclecticist (level 17, -7/102 HPs)
             Began as a Deep Elf Earth Elementalist on Jan 24, 2022.
             Was the Champion of Vehumet.
             Killed from afar by a merfolk aquamancer (49 damage)
             ... with a torrent of water
             ... on level 4 of the Shoals.
             The game lasted 01:02:23 (46090 turns).

Sharkman1231 the Eclecticist (DEEE)                Turns: 46090, Time: 01:02:25

Health: -7/102     AC: 22    Str:  8    XL:     17   Next: 27%
Magic:  7/38       EV: 19    Int: 23    God:    Vehumet [******]
Gold:   761        SH: 11    Dex: 19    Spells: 8/47 levels left

rFire    + + .     SeeInvis .   b - staff of earth
rCold    + . .     Faith    .   u - +0 buckler
rNeg     + . .     Spirit   .   G - +6 acid dragon scales
rPois    .         Reflect  +   A - +0 helmet
rElec    +         Harm     .   U - +2 cloak {Will+}
rCorr    +         Rampage  .   j - +1 pair of gloves of Sophism {rElec rF+ Dex+2}
Will     ++++.                  e - +1 pair of boots of Free Will {rElec rF+ Slay+3}
Stlth    +++.......             D - amulet of Equilibrium {Reflect rN+ Will++ Regen+ Slay+3 SH+5}
HPRegen  1.27/turn              p - ring of protection from cold
MPRegen  0.26/turn              n - +4 ring of evasion

@: no status effects
A: no striking features
a: Renounce Religion


You were on level 4 of the Shoals.
You worshipped Vehumet.
Vehumet was exalted by your worship.
You visited 6 branches of the dungeon, and saw 29 of its levels.
You also visited: Sewer.

You collected 2982 gold pieces.
You spent 2221 gold pieces at shops.

Inventory:

Hand Weapons
 a - a +6 demon blade of electrocution
 z - the +3 dagger of the Dripping Firefly {vorpal, rElec rPois rCorr Str+6}
   (You found it on level 7 of the Dungeon)

   It inflicts extra damage upon your enemies.
   Str:       It affects your strength (+6).
   rElec:     It insulates you from electricity.
   rPois:     It protects you from poison.
   rCorr:     It protects you from acid and corrosion.
Missiles
 c - 675 stones
 R - 14 throwing nets
 S - 5 curare-tipped darts
Armour
 e - the +1 pair of boots of Free Will (worn) {rElec rF+ Slay+3}
   (You bought it in a shop on level 2 of the Shoals)

   Slay:      It affects your accuracy & damage with ranged weapons and melee
   (+3).
   rF:        It protects you from fire.
   rElec:     It insulates you from electricity.
 j - the +1 pair of gloves of Sophism (worn) {rElec rF+ Dex+2}
   (You bought it in a shop on level 2 of the Shoals)

   Dex:       It affects your dexterity (+2).
   rF:        It protects you from fire.
   rElec:     It insulates you from electricity.
 u - a +0 buckler (worn)
 A - a +0 helmet (worn)
 G - +6 acid dragon scales (worn)
 U - a +2 cloak of willpower (worn)
Magical Staves
 b - a staff of earth (weapon)
 y - a staff of fire
Jewellery
 n - a +4 ring of evasion (right hand)
 p - a ring of protection from cold (left hand)
 w - a +6 ring of dexterity
 D - the amulet of Equilibrium (around neck) {Reflect rN+ Will++ Regen+ Slay+3 SH+5}
   (You bought it in a shop on level 2 of the Shoals)

   [amulet of reflection]

   It reflects blocked missile attacks.
   Slay:      It affects your accuracy & damage with ranged weapons and melee
   (+3).
   rN:        It protects you from negative energy.
   Regen:     It increases your rate of health regeneration.
   SH:        It affects your SH (+5).
   Will:      It greatly increases your willpower.
 I - a +4 ring of protection
 T - a ring of ice
Wands
 t - a wand of polymorph (28)
 F - a wand of flame (141)
 H - a wand of digging (19)
 K - a wand of paralysis (32)
 O - a wand of iceblast (51)
 Q - a wand of acid (22)
Scrolls
 o - 11 scrolls of teleportation
 s - 10 scrolls of magic mapping
 v - 3 scrolls of fear
 x - 5 scrolls of immolation
 J - 2 scrolls of fog
 L - a scroll of vulnerability
 M - 2 scrolls of silence
 N - 4 scrolls of blinking
 P - 2 scrolls of identify
 W - a scroll of summoning
Potions
 d - 5 potions of brilliance
 f - 2 potions of attraction
 g - 6 potions of curing
 h - 3 potions of magic
 i - 5 potions of haste
 k - 4 potions of invisibility
 l - 2 potions of resistance
 m - 9 potions of flight
 q - 4 potions of heal wounds
 r - a potion of mutation
 B - 9 potions of lignification
 C - 3 potions of cancellation
 E - 2 potions of might
Miscellaneous
 V - a phial of floods


   Skills:
 - Level 10.0 Fighting
 - Level 10.4 Long Blades
 - Level 6.0 Armour
 - Level 8.0 Dodging
 - Level 7.0 Stealth
 - Level 4.0 Shields
 - Level 15.8 Spellcasting
 + Level 14.0 Conjurations
 - Level 10.0 Summonings
 - Level 4.0 Translocations
 - Level 1.1 Transmutations
 + Level 4.7 Fire Magic
 - Level 5.1 Ice Magic
 - Level 4.6 Air Magic
 + Level 12.4 Earth Magic
 - Level 6.0 Evocations


You had 8 spell levels left.
You knew the following spells:

 Your Spells              Type           Power      Damage    Failure   Level
a - Iron Shot             Conj/Erth      43%        9d8       1%          6
b - Sandblast             Erth           100%       2d20      1%          1
c - Apportation           Tloc           72%        N/A       1%          1
d - Orb of Destruction    Conj           35%        9d13      3%          7
e - Sticky Flame          Conj/Fire      57%        2d7       1%          4
f - Spellforged Servitor  Conj/Summ      32%        N/A       9%          7
g - Lehudib's Crystal Sp  Conj/Erth      43%        10d11     34%         8
h - Freezing Cloud        Conj/Ice/Air   26%        6-21      1%          5

Your spell library contained the following spells:

 Spells                   Type           Power      Damage    Failure   Level
 Maxwell's Capacitive Co  Air            19%        ∞         100%        8
 Shatter                  Erth           42%        3d33*     99%         9
 Fire Storm               Conj/Fire      28%        8d7       100%        9
 Foxfire                  Conj/Fire      100%       2x1d9     1%          1
 Passwall                 Tmut/Erth      54%        N/A       1%          2
 Conjure Flame            Conj/Fire      57%        6-21      1%          3
 Inner Flame              Hex/Fire       29%        N/A       1%          3
 Ozocubu's Armour         Ice            41%        N/A       1%          3
 Stone Arrow              Conj/Erth      100%       3d13      1%          3
 Summon Guardian Golem    Hex/Summ       41%        N/A       1%          3
 Animate Armour           Summ/Erth      100%       N/A       1%          4
 Hailstorm                Conj/Ice       58%        3d13      1%          4
 Bolt of Magma            Conj/Fire/Erth 39%        4d17      1%          5
 Lee's Rapid Deconstruct  Erth           42%        3d22*     1%          5
 Ensorcelled Hibernation  Hex/Ice        58%        N/A       2%          2
 Summon Ice Beast         Ice/Summ       52%        N/A       2%          4
 Beastly Appendage        Tmut           46%        N/A       3%          1
 Leda's Liquefaction      Hex/Erth       31%        N/A       3%          4
 Petrify                  Tmut/Erth      65%        N/A       3%          4
 Corona                   Hex            20%        N/A       4%          1
 Wereblood                Tmut           23%        N/A       4%          2
 Portal Projectile        Hex/Tloc       54%        N/A       7%          3
 Spider Form              Tmut/Pois      10%        N/A       12%         3
 Olgreb's Toxic Radiance  Pois           18%        N/A       13%         4
 Shadow Creatures         Summ           N/A        N/A       13%         6
 Ice Form                 Ice/Tmut       32%        N/A       14%         4
 Tukima's Dance           Hex            18%        N/A       16%         3
 Summon Mana Viper        Hex/Summ       41%        N/A       19%         5
 Metabolic Englaciation   Hex/Ice        14%        N/A       43%         5
 Statue Form              Tmut/Erth      43%        N/A       43%         6
 Animate Dead             Necr           9%         N/A       45%         4
 Monstrous Menagerie      Summ           29%        N/A       56%         7
 Blade Hands              Tmut           11%        N/A       65%         5
 Alistair's Intoxication  Tmut/Pois      13%        N/A       73%         5
 Ozocubu's Refrigeration  Ice            20%        4d9       75%         7
 Excruciating Wounds      Necr           9%         N/A       80%         5
 Simulacrum               Ice/Necr       14%        N/A       95%         6
 Haunt                    Necr/Summ      20%        N/A       99%         7
 Invisibility             Hex            9%         N/A       100%        6
 Storm Form               Tmut/Air       15%        N/A       100%        7
 Ignition                 Fire           20%        3d7       100%        8
 Infestation              Necr           9%         N/A       100%        8


Dungeon Overview and Level Annotations

Branches:
Dungeon (15/15)            Temple (1/1) D:5            Lair (6/6) D:9
 Shoals (4/4) Lair:3       Spider (0/4) Lair:2        Slime (1/5) Lair:6
    Orc (2/2) D:11            Elf (0/3) Orc:2        Vaults (0/5) D:14
 Depths (0/5) D:15          Sewer (visited)

Altars:
Ashenzari
Cheibriados
Dithmenos
Elyvilon
Fedhas
Gozag
Hepliaklqana
Kikubaaqudgha
Makhleb
Nemelex Xobeh
Okawaru
Qazlal
Ru
Sif Muna
Trog
Uskayaw
Vehumet
Wu Jian
Xom
Yredelemnul
Zin
The Shining One
Beogh
Lugonu

Shops:
D:2 (   D:6 ?   D:14 *   Orc:1 :   Orc:2 ((([   Shoals:1 *:   Shoals:2 [[(=

Portals:
Abyss: Lair:6
Trove: D:13 (give +7 demon whip)

Annotations:
Lair:5 1 runed translucent door, Ruewk's ghost, journeyman CeAM
Lair:6 exclusion: downstairs


Message History

The water swirls and strikes you!
The satyr is engulfed in freezing vapours.
You kill the satyr!
Vehumet accepts your kill.
You feel your power returning.
Your Conjurations skill increases to level 14!
Unknown command.
Unknown command.
The merfolk javelineer is engulfed in freezing vapours.
The merfolk javelineer throws a javelin.
The javelin barely misses you.
You see here 3 large rocks.
Unknown command.
Casting: Iron Shot (dangerous; 1% risk of failure)
Confirm with . or Enter, or press ? or * to list all spells.
Aiming: Iron Shot (dangerous; 1% risk of failure)
Press: ? - help, Shift-Dir - straight line, f/p - merfolk javelineer
Aim: a merfolk javelineer, wielding a +0 spear, wearing a +0 leather armour and quivering javelins (freezing vapour, almost dead, 64% to hit)
You feel a surge of power!
The iron shot misses the merfolk javelineer.
The merfolk javelineer is engulfed in freezing vapours.
You kill the merfolk javelineer!
Vehumet accepts your kill.
You hear a splash. x3
Unknown command.
Unknown command.
Casting: Iron Shot (dangerous; 1% risk of failure)
Confirm with . or Enter, or press ? or * to list all spells.
Aiming: Iron Shot (dangerous; 1% risk of failure)
Press: ? - help, Shift-Dir - straight line, f - merfolk aquamancer
Aim: a merfolk aquamancer, wielding a +0 rapier and wearing a +0 robe (moderately wounded, 70% to hit)
You feel a surge of power!
The iron shot hits the merfolk aquamancer!!!
You kill the merfolk aquamancer!
Vehumet accepts your kill.
You feel your power returning.
You hear a splash. x2
The merfolk aquamancer casts a spell at you.
The torrent of water hits you!!!
You die...

..##..^...≈≈.≈..##......≈≈≈
#.###.....≈≈≈≈..###......≈≈
#..#.....≈.≈≈≈.##...###..≈≈
)....≈≈≈≈≈########..# .≈≈
.....≈...##≈≈ #....###. ≈≈
.........#≈≈≈ #.......≈.
#.....≈≈≈#≈≈m #.......≈.
#...≈≈≈≈≈#≈≈m #......≈≈≈≈
#...≈≈≈≈≈##)) ##@.....≈≈≈≈
#...≈≈≈≈≈≈##)##.......≈≈≈≈
#...≈≈≈≈≈≈≈≈≈m(.......≈≈≈≈
..^.≈≈≈≈≈≈≈≈≈≈)........≈≈
..≈≈≈≈≈≈≈≈≈≈≈≈.........≈
≈≈≈≈≈≈≈≈≈≈≈≈≈≈..........
≈≈≈≈≈≈≈≈≈≈≈≈.......)....
≈≈≈≈≈≈≈≈≈≈≈.............
≈≈≈≈≈≈≈≈≈≈.....†.......


You could see a merfolk aquamancer.

Vanquished Creatures
  2 krakens
  Kirke (D:12)
  Roxanne (D:15)
  Snorg (Lair:5)
  5 merfolk javelineers
  5 merfolk impalers
  Erolcha (D:9)
  2 ice dragons (D:15)
  4 hydras
  4 boulder beetles
  2 ogre magi (D:15)
  A merfolk avatar (Shoals:4)
  2 centaur warriors
  Harold (Lair:1)
  A catoblepas (Lair:4)
  9 two-headed ogres
  3 merfolk aquamancers
  A dancing weapon (D:8)
  3 satyrs (Shoals:4)
  2 tengu warriors
  11 death yaks
  2 orc high priests (Orc:2)
  3 thrashing horrors (Lair:6)
  Sonja (Lair:3)
  The ghost of Dormantt the Thaumaturge, a novice DEFE of Vehumet (D:8)
  3 skeletal warriors
  A deep elf knight (D:14)
  11 sea snakes
  Pikel (D:5)
  16 harpies
  3 necromancers (D:14)
  3 orc knights (Orc:2)
  3 deep elf pyromancers
  A shining eye (Slime:1)
  19 ugly things
  13 manticores
  An orc sorcerer (Orc:2)
  3 oklob plants
  11 fauns
  8 cyclopes
  18 elephants
  An elephant (shapeshifter) (D:15)
  7 merfolk sirens
  An ice statue (D:14)
  5 black mambas
  4 water nymphs
  15 cane toads
  A smoke demon (Lair:6)
  A torpor snail (Lair:5)
  4 yaktaurs
  An unseen horror (D:12)
  2 kobold demonologists (D:8)
  8 komodo dragons
  4 rime drakes
  2 tengu conjurers (D:15)
  29 merfolk
  An ancient zyme (Lair:6)
  2 queen bees (shapeshifter)
  9 meliai
  2 jumping spiders (shapeshifter)
  Prince Ribbit (D:7)
  A queen bee (Lair:5)
  3 polar bears
  A hornet (shapeshifter) (Lair:6)
  5 wind drakes
  8 trolls
  Grinder (D:3)
  A hornet (D:7)
  A large abomination (Lair:6)
  22 blink frogs
  A meliai zombie (D:11)
  10 snapping turtles
  25 dream sheep
  Sigmund (D:5)
  A ynoxinul (Lair:6)
  Eustachio (D:5)
  A wraith (D:12)
  10 wyverns
  37 yaks
  A centaur simulacrum (D:15)
  4 shadows
  6 hogs (D:12)
  7 water elementals
  A spriggan (shapeshifter) (D:15)
  7 basilisks
  3 chaos spawn (Lair:6)
  2 steam dragons
  20 humans (D:14)
  3 vampire mosquitoes
  3 acid dragons
  5 wargs
  13 water moccasins
  Duvessa (D:6)
  10 small abominations (Lair:6)
  2 black bears
  31 orc warriors
  6 ogres
  2 necrophages
  11 wolves
  3 centaurs
  A lemure (D:5)
  A phantom (D:11)
  2 kobold brigands (D:8)
  12 bullfrogs
  8 scorpions
  A wyvern zombie (D:7)
  Dowan (D:6)
  A water moccasin skeleton (D:6)
  A troll zombie (D:11)
  33 killer bees (Lair:5)
  An oklob sapling (D:9)
  3 wights (D:6)
  2 electric eels (Lair:3)
  A bullfrog zombie (D:6)
  4 centaur zombies
  4 hounds
  14 jellies (Lair:6)
  21 orc priests
  A bullfrog skeleton (D:6)
  Jessica (D:2)
  An iguana (D:4)
  Ijyb (D:5)
  28 orc wizards
  A scorpion zombie (D:5)
  7 ogre zombies (D:11)
  10 gnolls
  15 adders
  An ufetubus (D:7)
  A worm (D:2)
  A dart slug (D:2)
  73 orcs
  10 endoplasms
  4 giant cockroaches
  13 goblins
  15 hobgoblins
  4 jackals (D:5)
  20 kobolds
  7 quokkas
  22 ball pythons
  6 bats
  8 frilled lizards
  3 goblin skeletons (D:11)
  3 goblin zombies (D:11)
  A hobgoblin skeleton (D:11)
  4 hobgoblin zombies (D:11)
  An orc skeleton (D:11)
  13 orc zombies (D:11)
  11 rats
  5 tentacles
957 creatures vanquished.

Vanquished Creatures (collateral kills)
  An orc warlord (Orc:2)
  A boulder beetle (Lair:2)
  An orc sorcerer (Orc:2)
  A komodo dragon (Lair:6)
  2 blink frogs (Lair:6)
  An orc warrior (Orc:2)
  A scorpion (Lair:2)
  An orc priest (Orc:2)
  2 orc wizards (Orc:2)
  A small abomination (Lair:6)
  A worm (Lair:2)
  2 orcs (Orc:2)
15 creatures vanquished.

Vanquished Creatures (others)
  A wizard (D:14)
  4 bushes
  29 fungi
  50 plants
  14 tentacles
98 creatures vanquished.

Grand Total: 1070 creatures vanquished

Notes
Turn   | Place    | Note
-------+----------+-------------------------------------------
     0 | D:1      | Sharkman1231 the Deep Elf Earth Elementalist began the
                  | quest for the Orb.
     0 | D:1      | Reached XP level 1. HP: 10/10 MP: 6/6
   500 | D:1      | Reached XP level 2. HP: 15/15 MP: 6/8
  1253 | D:2      | Reached XP level 3. HP: 19/19 MP: 7/9
  1257 | D:2      | Learned a level 3 spell: Stone Arrow
  1569 | D:2      | Noticed Jessica
  1575 | D:2      | Killed Jessica
  1576 | D:2      | Reached skill level 1 in Conjurations
  1576 | D:2      | Reached skill level 5 in Earth Magic
  1576 | D:2      | Reached XP level 4. HP: 18/24 MP: 4/11
  1920 | D:2      | Found a faded altar of an unknown god.
  1926 | D:2      | Found Eczec's Weapon Boutique.
  2528 | D:3      | Noticed Grinder
  2534 | D:3      | Paralysed by Grinder for 2 turns
  2584 | D:4      | Reached skill level 4 in Spellcasting
  2707 | D:4      | Noticed an ogre
  2715 | D:4      | Killed an ogre
  2716 | D:4      | Reached XP level 5. HP: 28/28 MP: 4/13
  2983 | D:4      | Noticed a necrophage
  2995 | D:4      | Reached skill level 1 in Fighting
  2995 | D:4      | Reached XP level 6. HP: 25/34 MP: 5/14
  3649 | D:3      | Killed Grinder
  3650 | D:3      | Reached skill level 5 in Spellcasting
  3650 | D:3      | Reached XP level 7. HP: 39/39 MP: 3/17
  4616 | D:5      | Entered Level 5 of the Dungeon
  4724 | D:5      | Noticed Pikel
  4753 | D:5      | Killed Pikel
  4754 | D:5      | Reached skill level 6 in Spellcasting
  4754 | D:5      | Reached XP level 8. HP: 40/45 MP: 0/19
  4789 | D:5      | Noticed Eustachio
  4901 | D:5      | Found a glowing drain.
  4916 | Sewer    | Entered a sewer
  5582 | D:5      | Noticed Sigmund
  5684 | D:6      | Learned a level 1 spell: Apportation
  5858 | D:5      | Noticed Ijyb
  5863 | D:5      | Killed Ijyb
  5960 | D:5      | Found a staircase to the Ecumenical Temple.
  6023 | Temple   | Entered the Ecumenical Temple
  6032 | Temple   | Became a worshipper of Vehumet
  6048 | D:5      | Killed Sigmund
  6322 | D:5      | Killed Eustachio
  6570 | D:6      | Reached skill level 5 in Conjurations
  6655 | D:6      | Found Vip Orch's Magic Scroll Boutique.
  6673 | D:6      | Reached skill level 7 in Spellcasting
  6753 | D:6      | Found a sacrificial altar of Ru.
  6759 | D:6      | Noticed Duvessa
  6759 | D:6      | Noticed Dowan
  6761 | D:6      | Killed Dowan
  6762 | D:6      | Reached XP level 9. HP: 51/51 MP: 14/21
  6819 | D:6      | Killed Duvessa
  6820 | D:6      | Reached skill level 5 in Dodging
  6901 | D:6      | Bought a scroll of blinking for 105 gold pieces
  6901 | D:6      | Bought a scroll of fear for 49 gold pieces
  6901 | D:6      | Bought a scroll of magic mapping for 49 gold pieces
  6901 | D:6      | Bought a scroll of identify for 28 gold pieces
  6901 | D:6      | Bought a scroll of identify for 28 gold pieces
  6901 | D:6      | Bought a scroll of identify for 28 gold pieces
  7430 | D:6      | Identified a scroll of acquirement
  7431 | D:6      | Acquired a staff of earth
  7784 | D:7      | Reached * piety under Vehumet
  7784 | D:7      | Offered knowledge of Shock by Vehumet.
  8356 | D:7      | Identified the +3 dagger of the Dripping Firefly {vorpal,
                  | rElec rPois rCorr Str+6}
  8527 | D:7      | Noticed Prince Ribbit
  8538 | D:7      | Killed Prince Ribbit
  8901 | D:7      | Reached skill level 8 in Spellcasting
  9158 | D:7      | Offered knowledge of Static Discharge by Vehumet.
  9165 | D:7      | Reached ** piety under Vehumet
  9166 | D:7      | Reached skill level 10 in Earth Magic
  9435 | D:7      | Identified the +2 leather armour of Chill Winds {Harm}
  9967 | D:8      | Noticed a kobold demonologist
  9972 | D:8      | Noticed a sixfirhy
  9973 | D:8      | Killed a kobold demonologist
  9981 | D:8      | Reached XP level 10. HP: 57/58 MP: 12/24
 10475 | D:8      | Found a runed translucent door.
 10475 | D:8      | Found a shimmering altar of Xom.
 10475 | D:8      | Noticed Dormantt's ghost (novice DEFE)
 10476 | D:8      | Noticed a +2 long sword of chaos
 10746 | D:9      | Noticed a two-headed ogre
 10751 | D:9      | Killed a two-headed ogre
 10752 | D:9      | Reached skill level 9 in Spellcasting
 10755 | D:9      | Reached skill level 5 in Fighting
 10766 | D:9      | Offered knowledge of Searing Ray by Vehumet.
 10930 | D:9      | Noticed Erolcha
 10935 | D:9      | Killed Erolcha
 10955 | D:9      | Reached *** piety under Vehumet
 11152 | D:9      | Found a staircase to the Lair.
 11291 | D:9      | Found a sparkling altar of Nemelex Xobeh.
 11297 | D:9      | Found a white marble altar of Elyvilon.
 11302 | D:9      | Found a shimmering blue altar of Sif Muna.
 11494 | D:9      | Noticed an oklob plant
 11712 | D:9      | Got the Tome of Transmigration
 11723 | D:9      | Learned a level 7 spell: Orb of Destruction
 11856 | D:9      | Killed an oklob plant
 11935 | D:10     | Entered Level 10 of the Dungeon
 12077 | D:10     | Found a hide-covered altar of Uskayaw.
 12167 | D:10     | Reached XP level 11. HP: 64/64 MP: 8/26
 12225 | D:10     | Offered knowledge of Sticky Flame by Vehumet.
 12707 | D:10     | Noticed a two-headed ogre
 12712 | D:10     | Killed a two-headed ogre
 12864 | D:10     | Reached skill level 10 in Spellcasting
 13214 | D:10     | Noticed a boulder beetle
 13221 | D:10     | Learned a level 4 spell: Sticky Flame
 13235 | D:10     | Killed a boulder beetle
 13236 | D:10     | Reached skill level 5 in Stealth
 13236 | D:10     | Reached skill level 1 in Fire Magic
 13693 | D:11     | Found a staircase to the Orcish Mines.
 13722 | D:11     | Reached skill level 1 in Armour
 13755 | D:11     | Reached **** piety under Vehumet
 13921 | D:11     | Offered knowledge of Lightning Bolt by Vehumet.
 14572 | D:11     | Found a bloodstained altar of Trog.
 14589 | D:11     | Identified the +6 dagger of Matoohutz {freeze, rC+ Dex+2}
 15347 | D:12     | Noticed a two-headed ogre
 15451 | D:12     | Killed a two-headed ogre
 15783 | D:12     | Noticed Kirke
 15828 | D:12     | Reached ***** piety under Vehumet
 16034 | D:12     | Reached XP level 12. HP: 55/70 MP: 19/28
 16211 | D:12     | Learned a level 7 spell: Spellforged Servitor
 16381 | D:12     | Offered knowledge of Iron Shot by Vehumet.
 16391 | D:11     | Learned a level 6 spell: Iron Shot
 16476 | D:12     | Killed Kirke
 16477 | D:12     | Reached skill level 1 in Summonings
 16777 | D:13     | Noticed a boulder beetle
 16779 | D:13     | Killed a boulder beetle
 16783 | D:13     | Acquired a +1 demon blade of electrocution
 16864 | D:13     | Noticed a centaur warrior
 16872 | D:13     | Killed a centaur warrior
 16963 | D:13     | Reached skill level 10 in Conjurations
 17344 | D:13     | Reached skill level 1 in Long Blades
 17441 | D:13     | Noticed a seven-headed hydra
 17443 | D:13     | Killed a seven-headed hydra
 17444 | D:13     | Reached skill level 11 in Spellcasting
 17567 | D:13     | Found a portal to a secret trove of treasure.
 18053 | D:6      | Bought a scroll of identify for 28 gold pieces
 18053 | D:6      | Bought a scroll of fear for 49 gold pieces
 18053 | D:6      | Bought a scroll of teleportation for 42 gold pieces
 18053 | D:6      | Bought a scroll of teleportation for 42 gold pieces
 18165 | D:14     | Noticed a tengu warrior
 18167 | D:14     | Found Huotameano's Assorted Antiques.
 18171 | D:14     | Killed a tengu warrior
 18344 | D:14     | Bought a pair of embroidered gloves for 195 gold pieces
 18344 | D:14     | Bought a lumpy amethyst potion for 23 gold pieces
 18353 | D:14     | Noticed a centaur warrior
 18359 | D:14     | Killed a centaur warrior
 18459 | D:14     | Noticed a five-headed hydra
 18462 | D:14     | Killed a five-headed hydra
 18463 | D:14     | Reached skill level 5 in Armour
 19146 | D:14     | Reached XP level 13. HP: 69/76 MP: 30/30
 20424 | D:14     | Found a gate to the Vaults.
 20613 | D:15     | Entered Level 15 of the Dungeon
 20748 | D:15     | Reached skill level 5 in Summonings
 21837 | D:15     | Identified Roxanne's Reference Book on the Rocks
 21837 | D:15     | Noticed Roxanne
 21869 | D:15     | Killed Roxanne
 22069 | D:15     | Identified the amulet "Emiy" {Reflect Dex+3 SH+5}
 22290 | D:15     | Reached skill level 5 in Long Blades
 22645 | D:15     | Reached XP level 14. HP: 62/84 MP: 7/31
 23155 | D:15     | Offered knowledge of Freezing Cloud by Vehumet.
 23391 | D:15     | Reached skill level 1 in Shields
 23666 | D:15     | Found a staircase to the Depths.
 23914 | Lair:1   | Entered Level 1 of the Lair of Beasts
 24319 | Lair:1   | Noticed Harold
 24325 | Lair:1   | Killed Harold
 24931 | Lair:2   | Found a hole to the Spider Nest.
 26402 | Lair:3   | Learned a level 5 spell: Freezing Cloud
 27082 | Lair:3   | Reached skill level 12 in Spellcasting
 27165 | Lair:3   | Noticed Sonja
 27167 | Lair:3   | Killed Sonja
 27693 | Lair:3   | Found a staircase to the Shoals.
 27973 | Shoals:1 | Entered Level 1 of the Shoals
 28347 | Lair:4   | Reached skill level 13 in Spellcasting
 28740 | Lair:4   | Offered knowledge of Starburst by Vehumet.
 29294 | Lair:4   | Reached skill level 14 in Spellcasting
 30172 | Lair:5   | Found a runed translucent door.
 30172 | Lair:5   | Found a shimmering altar of Xom.
 30172 | Lair:5   | Noticed Ruewk's ghost (journeyman CeAM)
 30680 | Lair:5   | Reached skill level 15 in Spellcasting
 30680 | Lair:5   | Reached XP level 15. HP: 89/89 MP: 25/36
 30743 | Lair:5   | Noticed Snorg
 30748 | Lair:5   | Killed Snorg
 31301 | Lair:5   | Reached skill level 1 in Evocations
 32256 | Lair:6   | Entered Level 6 of the Lair of Beasts
 32267 | Lair:6   | Found a staircase to the Slime Pits.
 32303 | Lair:6   | Offered knowledge of Fireball by Vehumet.
 32441 | Lair:6   | Reached skill level 5 in Evocations
 32658 | Lair:6   | Reached skill level 1 in Ice Magic
 32659 | Lair:6   | Reached skill level 1 in Air Magic
 33496 | Lair:6   | Reached skill level 5 in Ice Magic
 33860 | Lair:6   | Offered knowledge of Irradiate by Vehumet.
 34720 | Lair:6   | Found a corrupted altar of Lugonu.
 34720 | Lair:6   | Found a one-way gate to the infinite horrors of the Abyss.
 35217 | Slime:1  | Entered Level 1 of the Pits of Slime
 35551 | D:8      | Killed Dormantt's ghost
 36045 | Orc:1    | Entered Level 1 of the Orcish Mines
 36284 | Orc:1    | Reached skill level 10 in Summonings
 36284 | Orc:1    | Reached skill level 1 in Translocations
 36284 | Orc:1    | Reached XP level 16. HP: 73/94 MP: 19/37
 36573 | Orc:1    | Found Taim's Book Shoppe.
 36677 | Orc:1    | Offered knowledge of Conjure Ball Lightning by Vehumet.
 36786 | Orc:2    | Entered Level 2 of the Orcish Mines
 37745 | Orc:2    | Found Edoz's Weapon Boutique.
 38224 | Orc:2    | Found a staircase to the Elven Halls.
 38548 | Orc:2    | Found Elodai's Antique Armour Shop.
 38677 | Orc:2    | Found Enlurouf's Antique Weapon Boutique.
 38887 | Orc:2    | Found Hasayll's Weapon Boutique.
 39145 | Orc:2    | Found Rumuk's Weapon Emporium.
 40374 | Shoals:1 | Found Kiwy's Book Shop.
 40625 | Shoals:1 | Noticed a kraken
 40633 | Shoals:1 | Killed a kraken
 40907 | Shoals:1 | Found Imutez's Assorted Antiques.
 41371 | Shoals:2 | Reached skill level 10 in Fighting
 41433 | Shoals:2 | Offered knowledge of Lehudib's Crystal Spear by Vehumet.
 41443 | Shoals:2 | Learned a level 8 spell: Lehudib's Crystal Spear
 41720 | Shoals:2 | Found Jehigrieso's Antique Armour Emporium.
 41739 | Shoals:2 | Bought a pair of jewelled gloves for 199 gold pieces
 41739 | Shoals:2 | Identified the +1 pair of gloves of Sophism {rElec rF+
                  | Dex+2} (You bought it in a shop on level 2 of the Shoals)
 41759 | Shoals:2 | Found Nepacsuene's Antique Armour Shoppe.
 41938 | Shoals:2 | Bought a pair of distressingly furry boots for 237 gold
                  | pieces
 41938 | Shoals:2 | Identified the +1 pair of boots of Free Will {rElec rF+
                  | Slay+3} (You bought it in a shop on level 2 of the Shoals)
 41950 | Shoals:2 | Found Kuihi's Weapon Emporium.
 41965 | Shoals:2 | Found Qeitur's Jewellery Emporium.
 42023 | Shoals:2 | Bought the amulet of Equilibrium {Reflect rN+ Will++ Regen+
                  | Slay+3 SH+5} for 1119 gold pieces
 43635 | Shoals:3 | Reached ****** piety under Vehumet
 44384 | Shoals:4 | Entered Level 4 of the Shoals
 45100 | Shoals:4 | Reached skill level 10 in Long Blades
 45147 | Shoals:4 | Reached XP level 17. HP: 98/102 MP: 15/38
 45159 | Shoals:4 | Offered knowledge of Fire Storm by Vehumet.
 45159 | Shoals:4 | Offered knowledge of Shatter by Vehumet.
 45159 | Shoals:4 | Offered knowledge of Maxwell's Capacitive Coupling by
                  | Vehumet.
 45754 | Shoals:4 | Noticed a kraken
 45800 | Shoals:4 | Killed a kraken
 46090 | Shoals:4 | Killed from afar by a merfolk aquamancer

Illustrated notes

Levels and vault maps discovered:
D:1:      nzn_arrival_depleted_hourglass, layout_basic
D:2:      layout_basic, serial_shops, shop, ebering_ecumenical_altar_rust,
          uniq_jessica
D:3:      layout_loops_corners, serial_bayou_crossing, uniq_grinder
D:4:      layout_basic, kennysheep_dice
D:5:      layout_basic, minmay_temple_entry_statues_fountains,
          portal_sewer_entry_a, uniq_sigmund, uniq_ijyb, uniq_eustachio,
          uniq_pikel
D:6:      layout_basic, serial_shops, nicolae_shop_trees,
          kennysheep_flooded_box, minmay_holes, hangedman_glass_teeth,
          dk_noncrumbling_3, st_stairs_2, uniq_duvessa
D:7:      corexii_shantytown, layout_basic, chequers_serial_rivers_small_3,
          minmay_misc_feat_ornament, uniq_prince_ribbit1
D:8:      layout_cave_pools, ebering_ghost_xom
D:9:      layout_cross, minmay_overflow_temple_star_quad, dpeg_oklobed_lair,
          introduction_to_nature_1, uniq_erolcha
D:10:     layout_stronghold, mainiacjoe_overflow_paths
D:11:     layout_loops_ring, zombieorc2_lemuel, tgw_trog
D:12:     layout_cave_pools, uniq_kirke
D:13:     layout_gridville, nicolae_trove_entry_crossroad,
          kennysheep_generic_room_14
D:14:     layout_basic, grunt_vaults_entry_tiered, serial_shops, shop,
          minivault_16
D:15:     grunt_enter_depths_hoard, layout_basic, uniq_roxanne
Temple:   nicolae_temple_no_exploring_needed
Lair:1:   layout_regular_city, serial_bayou_pond_d, grunt_megastairs_3,
          lemuel_fruit_fields, uniq_harold
Lair:2:   layout_cave_pods, nicolae_spider_entry_non_spiders,
          beast_lair_carwin_3
Lair:3:   layout_regular_city, minmay_shoals_entry_hut, nzn_sisyphean_effort,
          uniq_sonja
Lair:4:   beast_lair_carwin_large_4, layout_regular_city
Lair:5:   regret_index_combs_of_tragedy, layout_regular_city, ebering_ghost_xom,
          serial_bayou_shore_b, uniq_snorg
Lair:6:   hellmonk_lair_end_abyssal_woods, layout_small_grid,
          minmay_slime_entry_jelly_boxes
Shoals:1: layout_shoals, serial_shops, shop, nicolae_shop_trees
Shoals:2: layout_shoals, serial_shops, nicolae_diamond_shop,
          nicolae_square_shop, shop_fountains, shop
Shoals:3: layout_shoals
Shoals:4: shoals_end_simple, layout_shoals, nicolae_shop_clearance
Slime:1:  layout_caves
Orc:1:    layout_caves, serial_shops, shop
Orc:2:    grunt_orc_community_town_hall, layout_caves,
          grunt_orc_community_big_house_2, grunt_orc_community_big_house_2,
          grunt_orc_community_house_3, grunt_orc_community_house_3,
          grunt_orc_community_house_2, grunt_orc_community_house_3,
          grunt_orc_community_house_1, grunt_orc_community_house_1, basic_altar,
          serial_shops, shop

Skill      XL: |  1  2  3  4  5  6  7  8  9 10 11 12 13 14 15 16 17 |
---------------+----------------------------------------------------+-----
Earth Magic    | 4 5 6 7 8 10 11 12 | 12.4
Conjurations   | 1 2 3 4 5 6 7 9 11 12 13 14 | 14.0
Spellcasting   | 4 5 6 7 8 9 10 11 15 | 15.8
Fighting       | 1 2 3 4 5 6 8 10 | 10.0
Dodging        | 3 4 6 7 8 |  8.0
Stealth        | 4 6 7 |  7.0
Fire Magic     | 3 4 |  4.7
Armour         | 3 5 6 |  6.0
Summonings     | 3 6 7 10 | 10.0
Long Blades    | 2 5 10 | 10.4
Shields        | 2 4 |  4.0
Evocations     | 6 |  6.0
Ice Magic      | 5 |  5.1
Air Magic      | 4 |  4.6
Translocations | 1 4 |  4.0
Transmutations | |  1.1

Action                   |  1- 3 |  4- 6 |  7- 9 | 10-12 | 13-15 | 16-18 || total
-------------------------+-------+-------+-------+-------+-------+-------++-------
Melee: Unarmed           |     1 |       |       |       |       |       ||     1
       Whip              |       |       |    52 |    87 |       |       ||   139
       Staff             |       |       |    18 |    10 |    20 |    12 ||    60
       Demon blade       |       |       |       |    33 |   324 |   201 ||   558
 Cast: Sandblast         |    45 |    43 |    16 |     8 |     3 |       ||   115
       Stone Arrow       |       |     9 |   155 |   228 |     4 |       ||   396
       Sticky Flame      |       |       |       |     3 |     6 |     1 ||    10
       Iron Shot         |       |       |       |    36 |   396 |   264 ||   696
       Freezing Cloud    |       |       |       |       |    21 |    32 ||    53
       Spellforged Servi |       |       |       |       |     3 |     1 ||     4
       Orb of Destructio |       |       |       |       |       |     2 ||     2
       Lehudib's Crystal |       |       |       |       |       |     1 ||     1
Evoke: Wand              |       |       |       |     1 |     3 |     4 ||     8
  Use: Scroll            |       |       |    11 |    10 |    11 |    11 ||    43
       Potion            |       |       |       |     4 |     1 |       ||     5
 Stab: Sleeping          |       |       |       |     2 |     3 |     1 ||     6
       Paralysed         |       |       |       |       |     5 |     3 ||     8
       Distracted        |       |       |       |       |     1 |       ||     1
Armor: Robe              |     5 |     3 |    16 |     3 |       |       ||    27
       Acid dragon scale |       |       |       |    53 |   113 |    84 ||   250
Dodge: Dodged            |     5 |     9 |    98 |   213 |   405 |   289 ||  1019
Block: Other             |       |       |       |       |   101 |    37 ||   138
       Buckler           |       |       |       |       |       |   117 ||   117
       Reflection        |       |       |       |       |       |    31 ||    31
       Rpst.: Demon blade |       |       |       |    11 |    73 |    33 ||   117
